 Dungeon Crawl Stone Soup version 0.16-a0-3855-gd2600ac (webtiles) character file.

22836 BluebellGnoll the Pacifist (level 12, 0/123 HPs)
             Began as a Deep Dwarf Gladiator on Jan 30, 2015.
             Was an Elder of Elyvilon.
             Slain by a komodo dragon (11 damage)
             ... on level 5 of the Lair of Beasts on Jan 31, 2015.
             The game lasted 01:42:47 (16072 turns).

BluebellGnoll the Pacifist (Deep Dwarf Gladiator)  Turns: 16072, Time: 01:42:47

Health: 0/123      AC: 21    Str: 21    XL:     12   Next: 66%
Magic:  26/27      EV:  7    Int:  9    God:    Elyvilon [****..]
Gold:   1757       SH:  3    Dex: 16    Spells: 1 memorised, 10 levels left

rFire  + + +     SeeInvis +     w - +8 spear {elec, Contam rF++ rC++}
rCold  + + .     Clarity  .     r - +2 plate armour {rN+}
rNeg   + . .     SustAb   .     y - +0 buckler
rPois  .         Gourm    .     a - +0 mask of the Dragon {MR+ Slay+3 SInv}
rElec  .         Spirit   .     d - +1 cloak
rCorr  .         Warding  .     m - +2 pair of gloves {archery}
rMut   .         Rnd*Tele +     (no boots)
MR     ++...                    (no amulet)
Stlth  ..........               o - ring of protection from fire
                                A - ring of teleportation (curse)

@: non-regenerating, very resistant to hostile enchantments, extremely
unstealthy
A: damage resistance, recharge devices, sense surroundings 2, slow healing 3
a: Device Recharging, Lesser Healing, Lesser Self-Healing, Divine Protection,
Purification, Greater Healing, Greater Self-Healing, Renounce Religion, Evoke
Teleportation


You were on level 5 of the Lair of Beasts.
You worshipped Elyvilon.
Elyvilon was greatly pleased with you.
You were hungry.

You visited 4 branches of the dungeon, and saw 20 of its levels.
You also visited: Sewer and Bailey.

You collected 2191 gold pieces.
You spent 434 gold pieces at shops.

Inventory:

Hand weapons
 w - the +8 spear "Zesa Mou" (weapon) {elec, Contam rF++ rC++}
   (You found it on level 4 of the Dungeon)

   Occasionally, upon striking a foe, it will discharge some electrical energy
   and cause terrible harm.
   It greatly protects you from fire.
   It greatly protects you from cold.
   It causes magical contamination when unequipped.
Missiles
 b - 121 stones (quivered)
 u - 14 tomahawks
Armour
 a - the +0 mask of the Dragon (worn) {MR+ Slay+3 SInv}
   (You bought it in a shop on level 9 of the Dungeon)

   It affects your accuracy and damage with ranged weapons and melee attacks
   (+3).
   It affects your resistance to hostile enchantments.
   It enhances your eyesight.
 d - a +1 cloak (worn)
 m - a +2 pair of gloves of archery (worn)
 r - a +2 plate armour of positive energy (worn)
 y - a +0 buckler (worn)
Rods
 n - a +4 iron rod (13/13)
   (You found it in a bailey)
Jewellery
 o - a ring of protection from fire (right hand)
 v - an uncursed amulet of stasis
 x - an uncursed ring of protection from cold
 A - a cursed ring of teleportation (left hand)
Magical devices
 e - a wand of heal wounds (3)
 g - a wand of frost (12)
 C - a wand of fire (5)
 I - a wand of cold (0)
 Q - a wand of digging (19)
 S - a wand of digging (13)
Scrolls
 t - 4 scrolls of teleportation
 K - 3 scrolls of blinking
 L - 2 scrolls of magic mapping
 O - a scroll of fear
Potions
 c - 2 potions of lignification {unknown}
 h - a potion of agility
 i - a potion of cancellation
 j - 6 potions of curing
 k - 3 potions of magic
 q - a potion of flight {unknown}
 s - 3 potions of resistance
 B - 4 potions of heal wounds
 E - 3 potions of mutation
 H - 3 potions of haste
Comestibles
 f - 10 bread rations
 l - 9 meat rations
 p - 3 chunks of flesh
 z - 4 fruits


   Skills:
 - Level 12.4 Fighting
   Level 5.4 Axes
 - Level 1.7 Throwing
 - Level 8.7 Armour
 - Level 3.2 Dodging
 + Level 14.0 Invocations
 - Level 11.9 Evocations


You had 10 spell levels left.
You knew the following spells:

 Your Spells              Type           Power        Failure   Level  Hunger
a - Apportation           Tloc           #.........   100%        1    ##.....


Dungeon Overview and Level Annotations

Branches:
Dungeon (12/15)            Temple (1/1) D:6            Lair (5/8) D:8
 Shoals (0/5) Lair:3          Orc (2/4) D:11
  Snake: Lair:3-6    Spider: Lair:3-6

Altars:
Ashenzari
Dithmenos
Elyvilon
Fedhas
Gozag
Kikubaaqudgha
Okawaru
Vehumet
Yredelemnul
Zin
The Shining One

Shops:
D:9 [   D:11 %

Annotations:
D:9 runed door
Lair:5 exclusion: oklob plant, Snorg


Innate Abilities, Weirdness & Mutations

You are resistant to damage.
You can recharge devices by infusing magical energy.
You passively map the area around you.
You do not heal naturally.


Message History

Snorg bites you but does no damage. Snorg claws you!
Snorg claws you but does no damage. Snorg bites you but does no damage.
Snorg claws you! Snorg claws you.
You puncture Snorg!
Snorg is moderately wounded.
Snorg barely misses you. You block Snorg's attack.
Snorg claws you but does no damage.
Your plate armour prevents you from hitting Snorg.
Snorg is lightly wounded.
Snorg bites you! Snorg claws you but does no damage.
Snorg claws you but does no damage. The komodo dragon bites you!!
* * * LOW HITPOINT WARNING * * *
Snorg bites you but does no damage. Snorg closely misses you. Snorg claws you!
* * * LOW HITPOINT WARNING * * *
Use which ability? (? or * to list)
You are healed.
You feel somewhat more hungry. Snorg barely misses you. Snorg claws you!
Elyvilon protects you from harm! Snorg barely misses you.
The komodo dragon bites you!
You die...

#* * ** ##.# , #### ### ####..###
, * *, *###...#####.P##.##....#
,,, ........................ ,
........#..#P.......#.## , ,
,..........#..........##. *
,.....P.l.........(.....P.
*(......T@....#..........P ,
.....#.......#.....#...## * ,
#...........##....##....# ,,
##............P.....P....# ,...
......#................... ....
*#...#.............#...#..
###..####.....#.P.##.P.......#...
............#..#P................
.................................


You could see Snorg (berserk) and a komodo dragon.

Vanquished Creatures
  A hydra (D:11)
  Harold (D:12)
  Erica (D:11)
  An ogre mage (D:10)
  Pikel (D:4)
  An orc knight (Bailey)
  A hornet (Bailey)
  A siren (Lair:3)
  Joseph (D:11)
  3 two-headed ogres (D:10)
  A komodo dragon (Lair:1)
  3 merfolk (Lair:3)
  Grinder (D:5)
  4 slime creatures (D:12)
  A trapdoor spider (D:9)
  A steam dragon (Bailey)
  12 yaks
  A deep elf fighter (D:8)
  A soldier ant (D:11)
  Menkaure (D:7)
  An ice beast (D:10)
  6 orc warriors
  2 porcupines
  A water moccasin (D:7)
  A slave (D:3)
  5 phantoms
  A boring beetle (Lair:5)
  7 centaurs
  6 crocodiles
  2 ogres
  Sigmund (D:3)
  The ghost of haldagan the Ducker, an average SpEE (D:3)
  6 giant frogs
  10 killer bees
  4 scorpions
  A yak zombie (D:11)
  A spriggan skeleton (D:9)
  A troll skeleton (D:9)
  A goliath beetle (D:6)
  2 centaur zombies
  2 crimson imps
  3 giant frog zombies
  3 orc priests
  2 jellies
  A hound (D:4)
  Crazy Yiuf (D:3)
  2 giant frog skeletons
  12 orc wizards
  4 centaur skeletons
  2 iguanas
  9 worker ants
  9 sheep
  4 killer bee zombies
  Ijyb (D:3)
  2 hound zombies
  Terence (D:3)
  A worker ant zombie (D:11)
  9 gnolls
  4 river rats
  18 adders
  4 shadow imps
  A worm (D:2)
  A giant mite (D:9)
  An adder skeleton (D:4)
  12 giant geckos
  3 oozes
  62 orcs
  4 ball pythons
  2 bat skeletons (D:6)
  7 giant cockroaches
  15 goblins
  9 hobgoblins
  7 jackals
  16 kobolds
  6 quokkas
  26 bats
  A giant gecko zombie (D:6)
  8 giant newts
  2 giant spores
  23 rats
  12 ballistomycetes
  A fungus (Lair:2)
411 creatures vanquished.

Vanquished Creatures (others)
  An unseen horror (D:10)
  A fire drake (Lair:5)
  A two-headed ogre (D:10)
  2 sky beasts
  5 ogres (D:10)
  3 sheep
  An adder (D:9)
  7 orcs
  A goblin (Orc:1)
  2 kobolds (D:12)
  A giant spore (D:9)
  A rat (D:10)
  A plant (Lair:5)
27 creatures vanquished.

Grand Total: 438 creatures vanquished

Notes
Turn   | Place    | Note
--------------------------------------------------------------
     0 | D:1      | BluebellGnoll, the Deep Dwarf Gladiator, began the quest for the Orb.
     0 | D:1      | Reached XP level 1. HP: 19/19 MP: 1/1
   154 | D:1      | Reached skill level 4 in Axes
   154 | D:1      | Reached XP level 2. HP: 16/26 MP: 2/2
   658 | D:1      | Reached XP level 3. HP: 32/32 MP: 3/3
   821 | D:2      | Reached skill level 5 in Axes
   941 | D:2      | Reached XP level 4. HP: 21/39 MP: 4/4
  1439 | D:3      | Noticed Sigmund
  1461 | D:3      | Killed Sigmund
  1461 | D:3      | Reached XP level 5. HP: 33/49 MP: 5/5
  1707 | D:3      | Noticed Ijyb
  1727 | D:3      | Killed Ijyb
  1960 | D:3      | Reached skill level 1 in Armour
  1999 | D:3      | Noticed Terence
  2016 | D:3      | Killed Terence
  2125 | D:3      | Noticed haldagan's ghost (average SpEE)
  2143 | D:3      | Killed haldagan's ghost
  2143 | D:3      | Reached XP level 6. HP: 34/57 MP: 6/6
  2322 | D:3      | Noticed Crazy Yiuf
  2333 | D:3      | Killed Crazy Yiuf
  2557 | D:4      | Reached XP level 7. HP: 30/66 MP: 6/6
  2759 | D:4      | Noticed Pikel
  2827 | D:4      | Found a shadowy altar of Dithmenos.
  2871 | D:4      | Killed Pikel
  2871 | D:4      | Reached skill level 6 in Fighting
  2871 | D:4      | Reached XP level 8. HP: 45/78 MP: 7/7
  2881 | D:4      | Got a translucent spear
  2882 | D:4      | Identified the +8 spear "Zesa Mou" {elec, Contam rF++ rC++} (You found it on level 4 of the Dungeon)
  2962 | D:4      | Reached skill level 7 in Fighting
  3224 | D:5      | Entered Level 5 of the Dungeon
  3289 | D:5      | Noticed Grinder
  3305 | D:5      | Killed Grinder
  3305 | D:5      | Reached skill level 8 in Fighting
  3316 | D:5      | Found a glowing drain.
  3340 | Sewer    | Entered a sewer
  3821 | D:5      | Reached skill level 9 in Fighting
  4384 | D:6      | Gained mutation: You passively map the area around you. [level up]
  4384 | D:6      | Reached XP level 9. HP: 37/91 MP: 8/11
  4391 | D:6      | Found a staircase to the Ecumenical Temple.
  4478 | D:6      | Found an iron altar of Okawaru.
  4523 | Temple   | Entered the Ecumenical Temple
  4536 | Temple   | Became a worshipper of Elyvilon the Healer
  4620 | D:6      | Reached skill level 1 in Invocations
  4632 | D:6      | Found a blossoming altar of Fedhas.
  5286 | D:7      | Noticed Menkaure
  5299 | D:7      | Killed Menkaure
  5444 | D:7      | Reached skill level 5 in Invocations
  5949 | D:7      | Acquired Elyvilon's first power
  6004 | D:7      | Got a faintly glowing leather armour
  6154 | D:8      | Found a flagged portal.
  6190 | Bailey   | Entered a bailey
  6280 | Bailey   | Noticed an orc knight
  6380 | Bailey   | Noticed an orc knight
  6396 | Bailey   | Noticed a hornet
  6396 | Bailey   | an orc knight changed into a hornet
  6404 | Bailey   | Paralysed by a hornet for 4 turns
  6409 | Bailey   | Killed a hornet
  6425 | Bailey   | Killed an orc knight
  6425 | Bailey   | Reached skill level 10 in Invocations
  6425 | Bailey   | Reached XP level 10. HP: 25/99 MP: 20/22
  6876 | D:8      | Reached skill level 11 in Invocations
  7092 | D:8      | Found a staircase to the Lair.
  7123 | D:8      | Learned a level 1 spell: Apportation
  7242 | D:8      | Acquired Elyvilon's second power
  7422 | Lair:1   | Entered Level 1 of the Lair of Beasts
  7501 | Lair:1   | Noticed a black mamba
  7503 | Lair:1   | Pacified a black mamba
  7503 | Lair:1   | Reached skill level 10 in Fighting
  7704 | Lair:1   | Identified the cursed -3 leather armour "Broam" {rF+ Int-2 Dex+5 Slay+3} (You found it on level 7 of the Dungeon)
  7929 | Lair:1   | Reached skill level 5 in Evocations
  8069 | Lair:1   | Noticed a black mamba
  8071 | Lair:1   | Pacified a black mamba
  8199 | Lair:2   | Acquired Elyvilon's third power
  8404 | Lair:2   | Noticed a four-headed hydra
  8408 | Lair:2   | Pacified a four-headed hydra
  8952 | Lair:3   | Noticed a siren
  8960 | Lair:3   | Killed a siren
  8960 | Lair:3   | Reached skill level 12 in Invocations
  8960 | Lair:3   | Reached XP level 11. HP: 50/110 MP: 21/25
  9722 | Lair:3   | Found a staircase to the Shoals.
 10110 | D:9      | Found Qedurph's Armour Shop.
 10114 | D:9      | Bought the +0 mask of the Dragon {MR+ Slay+3 SInv} for 434 gold pieces
 10137 | D:9      | Found a basalt altar of Yredelemnul.
 10195 | D:9      | Reached skill level 10 in Evocations
 10255 | D:9      | Found a runed door.
 10984 | D:10     | Entered Level 10 of the Dungeon
 11310 | D:10     | Killed an unseen horror
 11651 | D:10     | Noticed an ogre mage
 11726 | D:11     | Noticed a four-headed hydra
 11734 | D:11     | Killed a four-headed hydra
 12294 | D:10     | Killed an ogre mage
 12295 | D:10     | Reached XP level 12. HP: 39/122 MP: 27/27
 12440 | D:11     | Upgraded the game from 0.16-a0-3841-g2612308 to 0.16-a0-3855-gd2600ac
 12524 | D:11     | Noticed Erica
 12542 | D:11     | Killed Erica
 12547 | D:11     | Reached skill level 13 in Invocations
 12556 | D:11     | Found Xunwo's Food Emporium.
 12593 | D:11     | Noticed Joseph
 12606 | D:11     | Killed Joseph
 12606 | D:11     | Reached skill level 5 in Armour
 12805 | D:11     | Found a staircase to the Orcish Mines.
 13055 | D:11     | Found a basalt altar of Yredelemnul.
 13759 | D:12     | Noticed Harold
 13775 | D:12     | Killed Harold
 14175 | Orc:1    | Entered Level 1 of the Orcish Mines
 14884 | Lair:4   | Noticed a four-headed hydra
 15902 | Lair:5   | Reached skill level 14 in Invocations
 16061 | Lair:5   | Noticed Snorg
 16071 | Lair:5   | HP: 6/123 [Snorg (11)]
 16072 | Lair:5   | Elyvilon protects you from harm!
 16072 | Lair:5   | Slain by a komodo dragon

Action                   |  1- 3 |  4- 6 |  7- 9 | 10-12 || total
-------------------------+-------+-------+-------+-------++-------
Melee: War axe           |    83 |   241 |    43 |       ||   367
       Spear             |       |       |   302 |   595 ||   897
 Fire: Hunting sling     |       |    35 |     4 |       ||    39
Throw: Throwing net      |     2 |     5 |     2 |    10 ||    19
       Stone             |       |       |     2 |     2 ||     4
Invok: Lesser Healing    |       |       |    29 |   185 ||   214
       Lesser Self-Heali |       |       |       |    57 ||    57
       Greater Healing   |       |       |       |    39 ||    39
 Abil: Device Recharging |       |     1 |       |       ||     1
Evoke: Wand              |     1 |     3 |    11 |    29 ||    44
  Use: Potion            |       |     7 |     3 |     3 ||    13
       Scroll            |       |    10 |    10 |    17 ||    37
 Stab: Invisible         |       |       |     2 |     2 ||     4
       Held in net/web   |       |       |       |     1 ||     1
  Eat: Chunk             |       |     6 |    14 |    67 ||    87
       Meat ration       |       |       |     1 |       ||     1
       Fruit             |       |       |       |     6 ||     6
       Pizza             |       |       |       |     5 ||     5
       Beef jerky        |       |       |       |     1 ||     1
